Map: Odyssey LE

Players

Yata - Winner!

  • Race: Zerg Zerg
  • League: Silver
  • Spawn Location: 5:00

A.I. 1 (Hard)

  • Race: Protoss Protoss
  • Spawn Location: 11:00

VOD

Have the link to the VOD?

Description

Time

  • Played on: Aug. 7, 2017, 9:47 a.m.
  • Length: 11:55
Show
View Real Time Build Order
Export as new Build Order

Yata Zerg - Winner!

Build Orders: Hatch First 

Get SALT Encoding   

  12  0:01  Drone  
  13  0:12  Overlord  
  13  0:19  Drone  
  14  0:32  Drone  
  14  0:33  Drone  
  17  0:35  Drone  
  17  0:57  Hatchery  
  17  0:59  Drone x2  
  18  1:14  Extractor  
  18  1:16  Spawning Pool  
  16  1:19  Drone  
  16  1:21  Drone  
  18  1:32  Drone  
  19  1:39  Overlord  
  19  1:49  Drone  
  20  2:00  Drone  
  21  2:11  Drone x2  
  21  2:12  Queen  
  21  2:13  Queen  
  27  2:23  Zergling x4  
  27  2:28  Metabolic Boost  
  29  2:34  Drone x2  
  31  2:53  Queen  
  31  2:56  Overlord, Hatchery  
  32  3:05  Queen  
  32  3:10  Drone x2  
  36  3:26  Drone x4  
  41  3:27  Drone x3  
  41  3:32  Drone  
  43  4:08  Roach Warren  
  42  4:13  Zergling x2  
  42  4:14  Zergling x14  
  50  4:26  Evolution Chamber  
  49  4:41  Zergling x2  
  50  4:45  Overlord  
  50  4:46  Overlord x9  
  44  5:20  Zergling x14  
  44  5:21  Zergling x6  
  53  5:26  Drone  
  52  5:30  Zerg Missile Weapons Level 1  
  52  5:33  Extractor, Drone  
  52  5:41  Lair  
  52  5:46  Pneumatized Carapace  
  52  5:49  Queen  
  54  6:00  Drone x4  
  54  6:01  Drone x3  
  61  6:13  Drone  
  61  6:14  Drone x10  
  72  6:37  Hatchery  
  71  6:43  Roach  
  71  6:44  Roach x14  
  88  7:18  Glial Reconstitution  
  88  7:21  Drone  
  88  7:22  Drone x15  
  104  7:53  Roach x4  
  104  7:58  Zergling x16  
  112  8:20  Roach x3  
  89  8:49  Roach  
  89  8:50  Roach x2  
  94  9:00  Extractor  
  94  9:01  Extractor x2  
  94  9:02  Extractor  
  88  9:08  Extractor x2  
  86  9:10  Queen  
  86  9:15  Queen  
  86  9:16  Queen  
  90  9:17  Queen  
  94  9:37  Roach  
  94  9:38  Roach x8  
  112  9:41  Zergling x2  
  112  9:42  Zergling x10  
  118  9:59  Roach x5  
  120  10:13  Roach  
  120  10:14  Roach x2  
  126  10:16  Zergling x2  
  126  10:17  Zergling x2  
  127  10:33  Zergling x4  
  126  10:45  Roach  
  126  10:49  Overlord x4  
  127  10:50  Overlord x7  
  123  11:15  Hatchery  
  116  11:21  Hatchery, Hydralisk Den  
  105  11:37  Zergling x2  
  105  11:38  Zergling x18  
Show
View Real Time Build Order
Export as new Build Order

A.I. 1 (Hard) Protoss 

Build Orders:  

Get SALT Encoding   

  12  0:01  Probe (Chrono Boost)  
  13  0:11  Probe (Chrono Boost)  
  14  0:19  Pylon  
  14  0:22  Probe (Chrono Boost)  
  15  0:37  Probe (Chrono Boost)  
  15  0:40  Gateway  
  16  0:47  Assimilator  
  16  0:48  Probe (Chrono Boost)  
  17  0:58  Probe (Chrono Boost)  
  17  1:00  Pylon  
  18  1:09  Probe (Chrono Boost)  
  19  1:21  Probe (Chrono Boost)  
  19  1:24  Zealot  
  20  1:30  Cybernetics Core  
  22  1:41  Gateway  
  22  1:45  Assimilator  
  22  2:00  Pylon  
  22  2:04  Stalker  
  24  2:19  Warp Gate  
  24  2:26  Stalker  
  26  2:40  Stalker  
  26  2:43  Pylon  
  28  2:54  Stalker  
  30  3:09  Stalker  
  33  3:13  Probe (Chrono Boost)  
  33  3:23  Stalker  
  33  3:24  Pylon, Probe (Chrono Boost)  
  36  3:36  Probe (Chrono Boost)  
  36  3:38  Adept  
  39  3:42  Forge  
  39  3:48  Probe (Chrono Boost)  
  40  3:52  Adept  
  42  3:59  Probe (Chrono Boost)  
  43  4:04  Zealot  
  45  4:11  Probe (Chrono Boost)  
  45  5:21  Probe (Chrono Boost)  
  43  5:32  Probe (Chrono Boost)  
  44  5:42  Probe (Chrono Boost)  
  45  5:53  Probe (Chrono Boost)  
  45  5:54  Protoss Ground Weapons Level 1  
  46  5:58  Sentry  
  46  6:01  Gateway  
  46  6:02  Robotics Facility  
  48  6:04  Twilight Council  
  48  6:08  Photon Cannon  
  48  6:09  Zealot, Nexus  
  50  6:12  Photon Cannon  
  50  6:15  Stargate  
  50  6:18  Forge  
  50  6:20  Sentry  
  50  6:22  Pylon  
  52  6:38  Blink  
  52  6:44  Protoss Ground Armor Level 1  
  52  6:47  Zealot  
  52  6:49  Observer  
  51  6:58  Zealot  
  45  7:08  Stalker  
  45  7:10  Observer  
  48  7:19  Stalker  
  52  7:23  Probe (Chrono Boost)  
  52  7:24  Probe (Chrono Boost)  
  52  7:29  Assimilator  
  52  7:30  Adept, Pylon  
  52  7:31  Pylon  
  52  7:35  Probe x2 (Chrono Boost)  
  56  7:40  Adept  
  58  7:46  Probe (Chrono Boost)  
  58  7:48  Probe (Chrono Boost)  
  60  7:52  Photon Cannon  
  60  7:57  Probe (Chrono Boost)  
  61  8:01  Photon Cannon, Probe (Chrono Boost)  
  58  8:08  Probe (Chrono Boost)  
  58  8:11  Stalker  
  62  8:13  Probe (Chrono Boost)  
  57  8:20  Probe (Chrono Boost)  
  57  8:21  Zealot  
  57  8:24  Probe (Chrono Boost)  
  54  8:31  Probe (Chrono Boost)  
  54  8:32  Sentry  
  53  8:35  Probe (Chrono Boost)  
  54  8:42  Probe (Chrono Boost)  
  54  8:43  Zealot  
  53  8:54  Zealot  
  47  9:04  Stalker  
  47  9:15  Adept  
  49  9:26  Zealot  
  51  9:36  Stalker  
  51  9:38  Assimilator  
  45  9:47  Stalker  
  45  9:58  Sentry  
  47  10:01  Probe (Chrono Boost)  
  44  10:09  Zealot, Photon Cannon, Probe (Chrono Boost)  
  44  10:13  Probe (Chrono Boost)  
  46  10:16  Photon Cannon  
  46  10:20  Stalker  
  46  10:21  Probe (Chrono Boost)  
  45  10:24  Void Ray  
  37  10:38  Probe (Chrono Boost)  
  37  10:39  Stalker  
  33  10:45  Probe (Chrono Boost)  
  28  10:50  Adept, Probe (Chrono Boost)  
  28  10:51  Gateway  
  28  10:55  Nexus  
  27  11:01  Zealot  
  27  11:02  Probe (Chrono Boost)  
  24  11:13  Stalker  
  21  11:27  Templar Archives  
Tags
 
League
Silver
Matchup
PvZ
Replay Pack
Pack 1
Spawn Locations
Cross Positions
Add a new tag
Caveats
  • Supply blocks, unpowered buildings, or Contaminate may cause inaccurate times.
  • Supply counts are checked every 10 seconds.